 Dungeon Crawl Stone Soup version 0.30-a0-591-g3c58d2bc28 (webtiles) character file.

Game seed: 1261886731855095759

11954 Newt the Cleaver (level 11, -9/69 (77) HPs)
             Began as a Demonspawn Gladiator on Jan 5, 2023.
             Was a Priest of Hepliaklqana.
             Killed from afar by Nergalle (28 damage)
             ... with a bolt of negative energy
             ... on level 10 of the Dungeon.
             The game lasted 00:13:52 (9207 turns).

Newt the Cleaver (Demonspawn Gladiator)             Turns: 9207, Time: 00:13:53

HP:   -9/69 (77)    AC: 19    Str: 19    XL:     11   Next: 56%
MP:   10/13         EV: 13    Int:  9    God:    Hepliaklqana [***...]
Gold: 373           SH:  7    Dex: 18    Spells: 10/10 levels left

rFire   . . .      SeeInvis .    V - +4 war axe (freeze)
rCold   . . .      Faith    .    q - +1 buckler
rNeg    . . .      Spirit   .    J - +0 troll leather armour
rPois   +          Reflect  .    (helmet restricted)
rElec   .          Harm     .    l - scarf {shadows}
rCorr   .          Rampage  .    I - +0 pair of gloves {Dex+3}
Will    .....                    (no boots)
Stlth   ++                       j - amulet of regeneration
HPRegen 1.91/turn                y - ring of poison resistance
MPRegen 0.13/turn                S - +4 ring of protection

@: sanguine armoured, heavily drained
A: reduced essence, horns 2, powered by pain 2, spiny 1, sanguine armour 2
a: Renounce Religion, Recall Ancestor, Ancestor Identity, Transference


You were on level 10 of the Dungeon.
You worshipped Hepliaklqana.
Hepliaklqana was most pleased with you.
You visited 2 branches of the dungeon, and saw 12 of its levels.
You also visited: Bailey.

You collected 595 gold pieces.
You spent 222 gold pieces at shops.

Inventory:

Hand Weapons
 a - a +1 rapier of electrocution
 g - a +0 whip of venom
 n - a +2 short sword of freezing
 D - a +2 whip of flaming
 F - a +2 war axe of electrocution
 V - a +4 war axe of freezing (weapon)
Missiles
 d - 2 throwing nets (quivered)
 e - 3 javelins
 B - 6 silver javelins
 N - 5 poisoned darts
Armour
 b - a +0 leather armour
 c - a +0 helmet
 l - a scarf of shadows (worn)
 m - +0 acid dragon scales
 o - an orb of energy
 p - a +0 pair of gloves
 q - a +1 buckler (worn)
 u - the +2 leather armour of Peek-a-Boo {rPois rC- Dex+2}
   (You found it on level 7 of the Dungeon)

   Dex:       It affects your dexterity (+2).
   rC:        It makes you vulnerable to cold.
   rPois:     It protects you from poison.
 E - a +2 robe of fire resistance
 I - a +0 pair of gloves of dexterity (worn)
 J - a +0 troll leather armour (worn)
 K - a +1 chain mail of fire resistance
Jewellery
 j - an amulet of regeneration (around neck)
 y - a ring of poison resistance (left hand)
 L - a ring of wizardry
 P - a +6 ring of dexterity
 S - a +4 ring of protection (right hand)
Wands
 z - a wand of iceblast (5)
 R - a wand of flame (9)
Scrolls
 k - 3 scrolls of teleportation
 r - a scroll of amnesia
 A - a scroll of brand weapon
 H - 4 scrolls of blinking
 M - 3 scrolls of identify
 T - 4 scrolls of fog
 W - a scroll of enchant armour
Potions
 f - 4 potions of attraction
 h - 2 potions of flight
 i - 2 potions of brilliance
 s - 4 potions of invisibility {unknown}
 t - 3 potions of curing {unknown}
 v - 3 potions of berserk rage {unknown}
 w - a potion of lignification {unknown}
 x - 14 potions of degeneration
 C - a potion of mutation {unknown}
 G - a potion of ambrosia {unknown}
 O - a potion of magic {unknown}
 Q - a potion of heal wounds
 U - a potion of resistance {unknown}


   Skills:
 - Level 8.0 Fighting
 - Level 4.0 Short Blades
 - Level 9.6(10.0) Axes
 - Level 4.0(7.3) Maces & Flails
 - Level 1.7 Throwing
 - Level 6.0 Armour
 - Level 4.0 Dodging
 - Level 2.0 Stealth
 - Level 6.0 Shields
 + Level 2.7 Invocations
 - Level 6.0 Evocations


You had 10 spell levels left.
You didn't know any spells.
Your spell library contained the following spells:

 Spells                   Type           Power      Damage    Failure   Level
 Scorch                   Fire           0%         2d5       65%         2
 Call Canine Familiar     Summ           0%         N/A       87%         3
 Dazzling Flash           Conj/Hex       0%         N/A       87%         3
 Inner Flame              Hex/Fire       0%         N/A       87%         3
 Portal Projectile        Hex/Tloc       0%         N/A       87%         3
 Cause Fear               Hex            0%         N/A       99%         4
 Flame Wave               Conj/Fire      0%         2d4       99%         4
 Iskenderun's Mystic Bla  Conj/Tloc      0%         2d3       99%         4
 Leda's Liquefaction      Hex/Erth       0%         N/A       99%         4
 Petrify                  Tmut/Erth      0%         N/A       99%         4
 Agony                    Necr           0%         N/A       100%        5
 Lee's Rapid Deconstruct  Erth           0%         3d4*      100%        5
 Metabolic Englaciation   Hex/Ice        0%         N/A       100%        5
 Silence                  Hex/Air        0%         N/A       100%        5
 Yara's Violent Unravell  Hex/Tmut       0%         3d3       100%        5
 Starburst                Conj/Fire      0%         6d3       100%        6
 Statue Form              Tmut/Erth      0%         N/A       100%        6
 Summon Cactus Giant      Summ           0%         N/A       100%        6
 Enfeeble                 Hex            0%         N/A       100%        7
 Discord                  Hex            0%         N/A       100%        8


Dungeon Overview and Level Annotations

Branches:
Dungeon (11/15)            Temple (1/1) D:6             Orc (0/2) D:10
 Bailey (visited)
   Lair: D:8-11

Altars:
Ashenzari
Cheibriados
Dithmenos
Fedhas
Gozag
Hepliaklqana
Kikubaaqudgha
Makhleb
Nemelex Xobeh
Okawaru
Qazlal
Ru
Sif Muna
Trog
Uskayaw
Vehumet
Wu Jian
Xom
Yredelemnul

Shops:
D:2 **(   D:6 [

Annotations:
D:10 Nergalle


Innate Abilities, Weirdness & Mutations

Your life essence is reduced to manifest your ancestor. (-10% HP)
You have a pair of horns on your head.
You sometimes gain power by taking damage.
You are partially covered in sharp spines.
When seriously injured, your blood forms thick armour. (AC +9)


Message History

The water moccasin bites the bush but does no damage.
The shadow strikes at you from the darkness!
Your blood congeals into armour.
Reactivating autopickup.
Something hits the komodo dragon.
The spectral orc warrior hits you with a +0 hand axe!
The spectral orc warrior barely misses Ingwe.
You block Nergalle's attack.
The water moccasin bites the bush but does no damage.
Unknown command.
The shadow barely misses you.
Ingwe casts a spell next to the komodo dragon.
The water moccasin bites the bush but does no damage.
You block Nergalle's attack. The komodo dragon misses you.
You climb upwards.
The spectral orc warrior disappears in a puff of smoke!
There is a stone staircase leading down, spattered with blood here.
Unknown command.
You slash Nergalle! You freeze Nergalle.
Nergalle is almost dead.
You slash the shadow! You hit the komodo dragon.
The komodo dragon seems to slow down.
You freeze the komodo dragon. The shadow closely misses you.
Nergalle casts a spell at you. The bolt of negative energy hits you!!
You feel drained.
* * * LOW HITPOINT WARNING * * *
The bolt of negative energy hits the shadow.
The shadow completely resists.
Unknown command.
Ingwe is recalled.
The shadow is struck by your spines. The shadow hits you.
* * * LOW HITPOINT WARNING * * *
The komodo dragon barely misses you. Nergalle hits you but does no damage.
You swap places.
The shadow hits Ingwe.
Ingwe hits the shadow with a +0 dagger of draining!
The shadow is destroyed!
The komodo dragon bites Ingwe!!
Nergalle points at you and mumbles some strange words.
The bolt of negative energy hits you!!
You feel drained.
You die...

###################
#######
...<...........<..#
#.....#
........########@.#
#.....#
.........#####.Ro##
#.....#
.........##...l###
#.....#
.........##.####
#<..).#
.........##.#
#.....#
.....))..#..#
######.....#
.....).....##
#...##.....#
.#.....#####
##...##.....#
#####.##
##....#####.##


You could see the friendly Ingwe the hexer, Nergalle and a komodo dragon (slow,
ally target).

Vanquished Creatures
  A two-headed ogre (D:9)
  2 boulder beetles (D:10)
  Pikel (D:6)
  An ugly thing (D:10)
  2 gargoyles (D:7)
  2 unseen horror zombies (D:9)
  3 trolls
  Prince Ribbit (D:8)
  Sigmund (D:5)
  A slime creature (D:7)
  2 wraiths
  A shadow (D:7)
  2 wyverns
  3 vampire mosquitoes (D:7)
  An acid dragon (D:7)
  2 water moccasins
  An ice beast (D:8)
  4 sky beasts
  3 black bears
  3 centaurs
  3 ogres
  A lemure (D:6)
  A gnoll sergeant (D:9)
  3 bullfrogs
  2 wyvern zombies (D:9)
  2 necrophages (D:7)
  2 scorpions
  14 wights
  8 howler monkeys
  An electric eel (D:8)
  2 centaur zombies (D:9)
  5 hounds
  6 orc priests
  2 gnoll boudas (D:8)
  6 iguanas
  4 orc wizards
  Terence (D:2)
  4 howler monkey zombies (D:9)
  11 gnolls
  5 adders
  A shadow imp (D:5)
  3 worms
  2 dart slugs
  28 orcs
  8 bats
  10 endoplasms
  8 goblins
  9 hobgoblins
  7 jackals
  14 kobolds
  5 quokkas
  9 ball pythons
  2 frilled lizards
  6 rats
232 creatures vanquished.

Vanquished Creatures (collateral kills)
  Joseph (D:7)
  Psyche (D:8)
  A hornet (D:7)
  A shadow (D:10)
  A wyvern (D:7)
  A steam dragon (D:8)
  A water moccasin (D:7)
  A kobold brigand (D:9)
  A bullfrog (D:7)
  6 wights (D:9)
  An electric eel (D:8)
  An orc wizard (D:8)
  4 gnolls
  3 orcs (D:8)
24 creatures vanquished.

Vanquished Creatures (others)
  A hexer (D:10)
  6 fungi (D:11)
  8 plants (D:11)
  A withered plant (D:9)
16 creatures vanquished.

Grand Total: 272 creatures vanquished

Notes
Turn   | Place    | Note
-------+----------+-------------------------------------------
     0 | D:1      | Newt the Demonspawn Gladiator began the quest for the Orb.
     0 | D:1      | Reached XP level 1. HP: 16/16 MP: 1/1
    22 | D:1      | Reached skill level 1 in Stealth
    56 | D:1      | Gained mutation: You have a pair of small horns on your
                  | head. [demonic ancestry]
    56 | D:1      | Reached XP level 2. HP: 10/22 MP: 2/2
   773 | D:1      | Gained mutation: When seriously injured, your blood forms
                  | armour. (AC +9) [demonic ancestry]
   773 | D:1      | Reached XP level 3. HP: 28/28 MP: 3/3
   997 | D:2      | Found Vog Lapn's Weapon Shop.
  1029 | D:2      | Found Ocritzao's Assorted Antiques.
  1040 | D:2      | Bought a scroll labelled BOLIZI CETIEBI for 27 gold pieces
  1135 | D:2      | Found Lice Zafoolu's Assorted Antiques.
  1394 | D:2      | Noticed Terence
  1400 | D:2      | Killed Terence
  1401 | D:2      | Gained mutation: You sometimes gain a little power by
                  | taking damage. [demonic ancestry]
  1401 | D:2      | Reached XP level 4. HP: 32/37 MP: 4/4
  1746 | D:3      | Reached skill level 1 in Evocations
  2494 | D:4      | Found a radiant altar of Vehumet.
  2633 | D:4      | Found a sparkling altar of Nemelex Xobeh.
  2715 | D:4      | Reached XP level 5. HP: 26/42 MP: 5/5
  3202 | D:5      | Entered Level 5 of the Dungeon
  3238 | D:5      | Noticed Sigmund
  3252 | D:5      | Killed Sigmund
  3253 | D:5      | Gained mutation: You are partially covered in sharp spines.
                  | [demonic ancestry]
  3253 | D:5      | Reached XP level 6. HP: 41/48 MP: 6/6
  3304 | D:5      | Reached skill level 1 in Maces & Flails
  3322 | D:5      | Gained mutation: When seriously injured, your blood forms
                  | thick armour. (AC +9) [demonic ancestry]
  3322 | D:5      | Reached XP level 7. HP: 49/54 MP: 7/7
  3366 | D:5      | Found an ancient bone altar of Kikubaaqudgha.
  3902 | D:6      | Noticed Pikel
  3928 | D:6      | Killed Pikel
  3929 | D:6      | Reached XP level 8. HP: 35/64 MP: 8/8
  4013 | D:6      | Found a staircase to the Ecumenical Temple.
  4023 | Temple   | Entered the Ecumenical Temple
  4025 | Temple   | Found a transporter.
  4025 | Temple   | Found a transporter.
  4027 | Temple   | Found a transporter.
  4027 | Temple   | Found a transporter.
  4054 | Temple   | Became a worshipper of Hepliaklqana the Forgotten
  4300 | D:6      | Reached skill level 1 in Axes
  4479 | D:6      | Reached skill level 2 in Axes
  4605 | D:6      | Reached skill level 3 in Axes
  4781 | D:6      | Found Woumil's Antique Armour Emporium.
  4788 | D:6      | Bought a pair of runed gloves for 195 gold pieces
  5023 | D:7      | Noticed a slime creature
  5025 | D:7      | Noticed a troll
  5036 | D:7      | Killed a slime creature
  5037 | D:7      | Reached skill level 4 in Axes
  5039 | D:7      | Gained mutation: You sometimes gain power by taking damage.
                  | [demonic ancestry]
  5039 | D:7      | Reached XP level 9. HP: 47/69 MP: 9/9
  5042 | D:7      | Killed a troll
  5043 | D:7      | Reached skill level 5 in Axes
  5047 | D:7      | Reached skill level 1 in Shields
  5222 | D:7      | Noticed a gargoyle
  5250 | D:7      | Killed a gargoyle
  5270 | D:7      | Noticed a troll
  5284 | D:7      | HP: 2/69 [troll (9)]
  5431 | D:7      | Reached * piety under Hepliaklqana
  5440 | D:7      | Found a broken altar of Ashenzari.
  5446 | D:7      | Reached skill level 5 in Armour
  5492 | D:7      | Killed a troll
  5549 | D:7      | Noticed Joseph
  5557 | D:7      | Killed Joseph
  5558 | D:7      | Reached XP level 10. HP: 47/68 MP: 10/10
  5561 | D:7      | Reached skill level 5 in Evocations
  5570 | D:7      | Paralysed by a hornet for 1 turns
  5948 | D:7      | Identified the +2 leather armour of Peek-a-Boo {rPois rC-
                  | Dex+2}
  5950 | D:7      | Identified the +5 trident of Qazlal, Blushing {flame,
                  | Fragile rElec Str+7 SInv}
  6027 | D:7      | Noticed a gargoyle
  6035 | D:7      | Killed a gargoyle
  6299 | D:7      | Reached ** piety under Hepliaklqana
  6303 | D:7      | Remembered your ancestor Ingwe as a hexer
  6891 | D:8      | Noticed Prince Ribbit
  6898 | D:8      | Killed Prince Ribbit
  6937 | D:8      | Noticed Psyche
  6945 | D:8      | Killed Psyche
  6946 | D:8      | Reached skill level 6 in Axes
  7340 | D:8      | Reached skill level 7 in Axes
  7598 | D:9      | Reached skill level 8 in Axes
  7807 | D:9      | Gained mutation: You have a pair of horns on your head.
                  | [demonic ancestry]
  7807 | D:9      | Reached XP level 11. HP: 69/76 MP: 11/11
  7886 | D:9      | Noticed a two-headed ogre
  7898 | D:9      | Killed a two-headed ogre
  8060 | D:9      | Reached skill level 9 in Axes
  8355 | D:10     | Entered Level 10 of the Dungeon
  8355 | D:10     | Reached *** piety under Hepliaklqana
  8391 | D:10     | Found a staircase to the Orcish Mines.
  8465 | D:10     | Found a flagged portal.
  8477 | Bailey   | Entered a bailey
  8775 | D:10     | Identified the +7 war axe of the Charming Gods {venom,
                  | *Rage rPois Dex+4}
  8852 | D:10     | Found an opulent altar of Gozag.
  9014 | D:11     | Noticed Nergalle
  9015 | D:11     | Noticed a red ugly thing
  9021 | D:11     | Noticed a boulder beetle
  9027 | D:10     | Killed a red ugly thing
  9048 | D:11     | Noticed a boulder beetle
  9063 | D:10     | Killed a boulder beetle
  9064 | D:10     | Reached skill level 5 in Shields
  9078 | D:10     | Killed a boulder beetle
  9079 | D:10     | Reached skill level 1 in Invocations
  9200 | D:11     | Noticed a deep elf zephyrmancer
  9201 | D:11     | Noticed a two-headed ogre
  9201 | D:11     | Noticed a deep elf zephyrmancer
  9207 | D:10     | Killed from afar by Nergalle

Illustrated notes

Levels and vault maps discovered:
D:1:      minmay_arrival_five_plusses, layout_basic
D:2:      layout_rooms, serial_shops, nicolae_shop_crystal,
          nicolae_diamond_shop, nicolae_shop_trees, basic_altar, minmay_puff,
          uniq_terence
D:3:      layout_basic
D:4:      layout_loops_ring, nicolae_vehumet_altar_sigil,
          mainiacjoe_overflow_chevrons
D:5:      layout_basic, kennysheep_mini_moat, grunt_ministairs_2,
          minmay_misc_feat_secret_circle, hangedman_decor_slide_cut,
          uniq_sigmund
D:6:      nicolae_cairo_tiling_large, layout_basic, serial_shops, shop,
          uniq_pikel
D:7:      minmay_the_grid_octo_tiled_octocenter [minmay_the_grid_octo_clover_2,
          minmay_the_grid_octo_teeth, minmay_the_grid_octo_empty,
          minmay_the_grid_octo_toaster, minmay_the_grid_octo_prize_star,
          minmay_the_grid_square_5x5_six,
          minmay_the_grid_square_5x5_doubleslash,
          minmay_the_grid_square_5x5_fancy_junction,
          minmay_the_grid_square_5x5_empty], layout_layer_cave,
          cheibrodos_ashenzari_chains, uniq_joseph
D:8:      layout_rooms, kennysheep_generic_room_2, uniq_psyche,
          uniq_prince_ribbit1
D:9:      layout_irregular_city, serial_undead, serial_undead_e,
          serial_undead_f, serial_undead_b, serial_undead_d
D:10:     layout_rooms, mainiacjoe_overflow_24_doors, david_orc_3,
          enter_bailey_7
D:11:     layout_cave_pools, due_lair_maze_entry_diamond, serial_shops,
          nicolae_take_the_stairs, serial_park, serial_park_tiny_1,
          serial_park_square3 [serial_park_minivault_5x5_5], serial_park_square1
          [serial_park_minivault_5x5_2], bh_hangedman_babel_library,
          uniq_nergalle
Temple:   hellmonk_temple_divided_pantheon

Skill      XL: |  1  2  3  4  5  6  7  8  9 10 11 |
---------------+----------------------------------+-----
Stealth        | 1 2 |  2.0
Fighting       | 3 4 6 8 |  8.0
Evocations     | 2 3 4 6 |  6.0
Short Blades   | 4 |  4.0
Dodging        | 3 4 |  4.0
Maces & Flails | 1 4 |  4.0
Armour         | 2 4 6 |  6.0
Axes           | 4 5 8 9 |  9.6
Shields        | 4 6 |  6.0
Invocations    | 2 |  2.7
Throwing       | |  1.7

Action                   |  1- 3 |  4- 6 |  7- 9 | 10-12 || total
-------------------------+-------+-------+-------+-------++-------
Melee: Rapier            |    90 |    95 |       |       ||   185
       Headbutt          |    15 |    23 |    19 |    49 ||   106
       Short sword       |    23 |       |       |       ||    23
       Whip              |       |    24 |    52 |       ||    76
       War axe           |       |       |   122 |   240 ||   362
       Unarmed           |       |       |       |     1 ||     1
Throw: Throwing net      |       |     4 |     2 |       ||     6
Invok: Ancestor Life: He |       |       |       |     1 ||     1
       Recall Ancestor   |       |       |       |     3 ||     3
  Use: Scroll            |     7 |     6 |     4 |     3 ||    20
       Potion            |       |     3 |     2 |       ||     5
 Stab: Sleeping          |     3 |     5 |     4 |     4 ||    16
       Held in net/web   |       |     2 |       |       ||     2
       Distracted        |       |       |     1 |     6 ||     7
       Confused          |       |       |       |     4 ||     4
Armor: Leather armour    |    42 |    18 |    40 |       ||   100
       Troll leather arm |       |       |    22 |    57 ||    79
       Skin              |       |       |       |     1 ||     1
Dodge: Dodged            |    87 |    69 |   115 |   129 ||   400
Block: Buckler           |       |    17 |    51 |    83 ||   151

Table legend: (Time is in decaauts)
 A = Elapsed time spent in this place.
 B = Non-inter-level travel time spent in this place.
 C = Inter-level travel time spent in this place.
 D = Time resting spent in this place.
 E = Time spent auto-exploring this place.
 F = Levels seen in this place.
 G = Mean time per level.
                   A        B        C        D        E       F      G
               +--------+--------+--------+--------+--------+-----+--------+
         Total |   9274 |   8924 |    350 |    798 |   6321 |  13 |  713.4 |
       Dungeon |   9201 |   8860 |    341 |    798 |   6306 |  11 |  836.5 |
        Temple |     51 |     42 |      9 |      0 |      8 |   1 |   51.0 |
        Bailey |     20 |     20 |      0 |      0 |      7 |   1 |   20.0 |
               +--------+--------+--------+--------+--------+-----+--------+

Top non-repeatable levels by time:
     D:7: 1681 daAuts
     D:6: 1095 daAuts
     D:1: 961 daAuts
     D:3: 933 daAuts
     D:9: 899 daAuts
     D:8: 823 daAuts
    D:10: 815 daAuts
     D:4: 737 daAuts
     D:5: 655 daAuts
     D:2: 579 daAuts
  Temple: 51 daAuts
  Bailey: 20 daAuts
    D:11: 18 daAuts
